 Dungeon Crawl Stone Soup version 0.31-a0-986-g5e6e4ef867 (webtiles) character file.

Game seed: 5758945753873223817

45 Forgeling the Stinger (level 3, -1/24 HPs)
             Began as a Mummy Venom Mage on Nov 10, 2023.
             Slain by a gnoll
             ... wielding a +0 whip
              (8 damage)
             ... on level 2 of the Dungeon.
             The game lasted 00:04:41 (2286 turns).

Forgeling the Stinger (Mummy Venom Mage)            Turns: 2286, Time: 00:04:41

Health: -1/24      AC:  6    Str: 11    XL:     3   Next: 42%
Magic:  0/7        EV: 12    Int: 16    God:
Gold:   13         SH:  0    Dex: 12    Spells: 4/7 levels left

rFire   x . .        d - +0 dagger
rCold   + . .        (no shield)
rNeg    + + +        a - +0 robe
rPois   ∞            b - +2 helmet
rElec   .            (no cloak)
rCorr   .            (no gloves)
SInv    .            h - +0 pair of boots
Will    .....        (no amulet)
Stlth   ++           (no ring)
HPRegen 0.24/turn    (no ring)
MPRegen 0.10/turn

%: faith
@: no status effects
A: cold resistance 1, negative energy resistance 3, torment resistance 2, heat
vulnerability 1, in touch with death 1, no potions, faith
a: no special abilities


You were on level 2 of the Dungeon.
You visited 1 branch of the dungeon, and saw 3 of its levels.

You collected 138 gold pieces.
You spent 125 gold pieces at shops.

Inventory:

Hand Weapons
 d - a +0 dagger (weapon)
Armour
 a - a +0 robe (worn)
 b - a +2 helmet (worn)
 h - a +0 pair of boots (worn)
Scrolls
 g - a scroll of brand weapon
 i - a scroll of torment
 D - a scroll of blinking
 P - a scroll of poison


   Skills:
 - Level 1.5 Dodging
 - Level 1.5 Stealth
 - Level 2.6 Spellcasting
 - Level 0.7 Transmutations
 + Level 3.7 Poison Magic


You had 4 spell levels left.
You knew the following spells:

 Your Spells              Type           Power      Damage    Failure   Level
a - Sting                 Tmut/Pois      36%        1d4       8%          1
s - Poisonous Vapours     Pois/Air       16%        N/A       14%         2

Your spell library contained the following spells:

 Spells                   Type           Power      Damage    Failure   Level
 Mephitic Cloud           Conj/Pois/Air  6%         N/A       34%         3
 Olgreb's Toxic Radiance  Pois           14%        N/A       38%         4


Dungeon Overview and Level Annotations

Branches:
Dungeon (3/15)

Altars:

Shops:
D:1 (?[*   D:2 ?


Innate Abilities, Weirdness & Mutations

You are immune to poison.
Your flesh is cold resistant. (rC+)
You are immune to negative energy. (rN+++)
You are immune to unholy pain and torment.
You are vulnerable to heat. (rF-)
You are in touch with the powers of death.
You do not drink.
You have a special connection with the divine. (Faith)


Message History

Aiming: Poisonous Vapours (safe; 14% risk of failure)
Press: ? - help, Dir - move target, f/p - gnoll
Aim: a gnoll, wielding a +2 heavy spear and quivering a throwing net (moderately wounded, poisoned) Poisonous vapours surround the gnoll!
The gnoll looks even sicker.
Casting: Poisonous Vapours (safe; 14% risk of failure)
Confirm with . or Enter, or press ? or * to list all spells.
Aiming: Poisonous Vapours (safe; 14% risk of failure)
Press: ? - help, Dir - move target, f/p - gnoll
Aim: a gnoll, wielding a +2 heavy spear and quivering a throwing net (moderately wounded, very poisoned)
You miscast Poisonous Vapours.
You are very lightly contaminated with residual magic.
Nothing appears to happen.
The gnoll shouts!
The gnoll hits you from afar with a +2 heavy spear.
* * * LOW HITPOINT WARNING * * *
The gnoll attacks as it pursues you! The gnoll attacks as it pursues you!
There is a stone staircase leading up here.
You climb upwards.
There is a stone staircase leading down here.
You hit the gnoll but do no damage.
The gnoll is severely wounded.
You closely miss the gnoll.
The gnoll is severely wounded.
Your magical contamination has completely faded away.
You barely miss the gnoll.
The gnoll is severely wounded.
The gnoll hits you with a +0 whip.
* * * LOW HITPOINT WARNING * * *
Casting: Poisonous Vapours (safe; 14% risk of failure)
Confirm with . or Enter, or press ? or * to list all spells.
Aiming: Sting (safe; 8% risk of failure)
Press: ? - help, Shift-Dir - straight line, f - gnoll
Aim: a gnoll, wielding a +0 whip (severely wounded, 72% to hit)
The sting misses the gnoll.
The gnoll attacks as it pursues you! The gnoll hits you with a +0 whip.
* * * LOW HITPOINT WARNING * * *
The gnoll attacks as it pursues you! The gnoll attacks as it pursues you!
The gnoll hits you with a +0 whip!
You die...

.#.## #.......# #...####[...
#.## #.......# #.........##
### ##.#....# #...####..#.
########.####.# ##### #†...
#........####.# #..##
#.#####.......### #....
#.##............## ##...
#.##.##........>.##### ####
#.##.##....#..@......#
#............g#.(###.#
#####.###...##.#.<# #.#
#.....##..........###.#####
##.######..........#.......#
#.....# #.......####.##.##.#
#†###.# #.......# #[##.##.#
#.# #.# #.......# #....##.#
#.###.# #.......# #).####.#


You could see a gnoll.

Vanquished Creatures
  2 dart slugs (D:1)
  5 endoplasms
  2 giant cockroaches (D:2)
  3 goblins
  3 hobgoblins
  2 quokkas
  2 ball pythons (D:1)
  6 bats
  4 kobolds
  8 rats
37 creatures vanquished.

Notes
Turn   | Place    | Note
-------+----------+-------------------------------------------
     0 | D:1      | Forgeling the Mummy Venom Mage began the quest for the Orb.
     0 | D:1      | Reached XP level 1. HP: 13/13 MP: 4/4
   106 | D:1      | Found Wuozott's General Store.
   247 | D:1      | Found Uhalud's Armour Boutique.
   287 | D:1      | Reached XP level 2. HP: 19/19 MP: 1/5
   414 | D:1      | Reached skill level 3 in Poison Magic
   459 | D:1      | Learned a level 2 spell: Poisonous Vapours
   580 | D:1      | Found Xaeqo's Antique Weapon Shop.
   580 | D:1      | Found Lokkura's Magic Scroll Emporium.
   621 | D:1      | Bought a scroll of noise for 10 gold pieces
  1147 | D:2      | Found Beqeth's Magic Scroll Shop.
  1326 | D:2      | Reached XP level 3. HP: 24/24 MP: 5/7
  2131 | D:1      | Bought a scroll of blinking for 75 gold pieces
  2131 | D:1      | Bought a scroll of identify for 20 gold pieces
  2131 | D:1      | Bought a scroll of identify for 20 gold pieces
  2286 | D:2      | Slain by a gnoll

Illustrated notes

Levels and vault maps discovered:
D:1:      dpeg_arrival_castle, layout_loops_cross, serial_shops, shop,
          nicolae_shop_hallway_plus, shop, shop
D:2:      layout_loops_cross, serial_shops, nicolae_shop_tiny_statue_garden,
          kennysheep_generic_room_12
D:3:      layout_basic, zin_scriptorium, mainiacjoe_overflow_24_doors,
          uniq_natasha, uniq_sigmund

Skill      XL: |  1  2 |
---------------+-------+-----
Poison Magic   | 3 |  3.7
Dodging        | |  1.5
Stealth        | |  1.5
Spellcasting   | |  2.6
Transmutations | |  0.7

Action                     || total
---------------------------++-------
  Melee: Dagger            ||    36
   Cast: Sting             ||    66
         Poisonous Vapours ||     7
    Use: Scroll            ||     3
 Armour: Robe              ||    64
  Dodge: Dodged            ||    54

Table legend: (Time is in decaauts)
 A = Elapsed time spent in this place.
 B = Non-inter-level travel time spent in this place.
 C = Inter-level travel time spent in this place.
 D = Time resting spent in this place.
 E = Time spent auto-exploring this place.
 F = Levels seen in this place.
 G = Mean time per level.
                   A        B        C        D        E       F      G
               +--------+--------+--------+--------+--------+-----+--------+
         Total |   2292 |   2124 |    168 |     29 |   1742 |   3 |  764.0 |
       Dungeon |   2292 |   2124 |    168 |     29 |   1742 |   3 |  764.0 |
               +--------+--------+--------+--------+--------+-----+--------+

Top non-repeatable levels by time:
     D:1: 1231 daAuts
     D:2: 980 daAuts
     D:3: 80 daAuts
